 Dungeon Crawl Stone Soup version 0.20-a0-309-gcba9277 (webtiles) character file.

10 snakesoul the Digger (level 2, -1/15 HPs)
             Began as a Gargoyle Earth Elementalist on Dec 18, 2016.
             Slain by a kobold
             ... wielding a +0 short sword
              (4 damage)
             ... on level 1 of the Dungeon.
             The game lasted 00:00:55 (257 turns).

snakesoul the Digger (Gargoyle Earth Elementalist)   Turns: 257, Time: 00:00:55

Health: -1/15      AC:  4    Str: 11    XL:     2   Next: 20%
Magic:  2/5        EV: 12    Int: 15    God:
Gold:   31         SH:  0    Dex: 10    Spells: 4/5 levels left

rFire  . . .     SeeInvis .     h - +0 dagger
rCold  . . .     Gourm    .     c - +0 robe
rNeg   + . .     Faith    .     (no shield)
rPois  ∞         Spirit   .     (no helmet)
rElec  +         Reflect  .     (no cloak)
rCorr  .         Harm     .     (no gloves)
MR     .....                    (no boots)
Stlth  ++........               (no amulet)
                                (no ring)
                                (no ring)

@: no status effects
A: negative energy resistance 1, electricity resistance, unbreathing,
petrification resistance, rot immunity, AC +2
a: no special abilities


You were on level 1 of the Dungeon.
You were not hungry.

You visited 1 branch of the dungeon, and saw 1 of its levels.

You collected 31 gold pieces.

Inventory:

Hand Weapons
 h - a +0 dagger (weapon)
Missiles
 b - 20 stones (quivered)
Armour
 c - a +0 robe (worn)
Scrolls
 f - a scroll of enchant weapon {unknown}
 g - a scroll of teleportation {unknown}
Potions
 i - a potion of haste {unknown}
Books
 e - a book of Geomancy

   Spells                             Type                      Level
   a - Sandblast                      Earth                        1
   b - Passwall                       Transmutation/Earth          2
   c - Stone Arrow                    Conjuration/Earth            3
   d - Petrify                        Transmutation/Earth          4
   e - Lee's Rapid Deconstruction     Earth                        5
Comestibles
 a - 2 beef jerkies
 d - a bread ration
 j - a slice of pizza
 k - 3 fruits


   Skills:
 - Level 1.5 Dodging
 - Level 2.1 Stealth
 + Level 2.2 Spellcasting
   Level 0.7 Transmutations
 * Level 4.2 Earth Magic


You had 4 spell levels left.
You knew the following spells:

 Your Spells              Type           Power        Failure   Level  Hunger
a - Sandblast             Erth           ##....       4%          1    #......


Dungeon Overview and Level Annotations

Branches:
Dungeon (1/15)

Altars:


Innate Abilities, Weirdness & Mutations

You are resistant to torment.
Your stone body is resilient. (AC +2)
You are immune to poison.
You resist negative energy. (rN+)
You are resistant to electric shocks. (rElec)
You can survive without breathing.
You are immune to petrification.
You are immune to rotting.


Message History

Unknown command.
The kobold completely misses you.
You closely miss the kobold. The kobold hits you with a short sword.
* * * LOW HITPOINT WARNING * * *
You are too injured to fight recklessly!
Casting: Sandblast
Confirm with . or Enter, or press ? or * to list all spells.
Aiming: Sandblast
Press: ? - help, Shift-Dir - straight line, f - kobold
Aim: a kobold, wielding a short sword and wearing a ring mail The blast of sand hits the kobold.
The kobold hits you but does no damage.
Things that are here:
a club; a bat corpse; a hobgoblin corpse
Casting: Sandblast
Confirm with . or Enter, or press ? or * to list all spells.
Aiming: Sandblast
Press: ? - help, Shift-Dir - straight line, f/p - kobold
Aim: a kobold, wielding a short sword and wearing a ring mail The blast of sand hits the kobold.
The kobold hits you with a short sword.
You die...

# # ######## .#
.......####### .#
######.#.....# .. #
#....#.#.###.# .#.###
#....#.#...#.# .#...#.
#...>(.###.#.#######.......
....###....#....@Ks....#...
#...#...###########.......#
#####'#...............###..
# #.#.########.......%#
#####+### # #.#.#..#...!
....... .# #.#. .## ..#
######### #.# # ## .# .#
.#.......#.. .# .
#.#######.# ..


You could see a giant cockroach and a kobold.

Vanquished Creatures
  A dart slug (D:1)
  2 goblins (D:1)
  A hobgoblin (D:1)
  3 bats (D:1)
  2 rats (D:1)
9 creatures vanquished.

Notes
Turn   | Place    | Note
-------+----------+-------------------------------------------
     0 | D:1      | snakesoul the Gargoyle Earth Elementalist began the quest for the Orb.
     0 | D:1      | Reached XP level 1. HP: 10/10 MP: 3/3
   155 | D:1      | Reached skill level 4 in Earth Magic
   247 | D:1      | Reached XP level 2. HP: 5/15 MP: 3/5
   257 | D:1      | Slain by a kobold

Vault maps used:
D:1:      matt_arrival_los_fun, minmay_pentomino_s4

Skill      XL: |  1 |
---------------+----+-----
Earth Magic    | 4 |  4.2
Dodging        | |  1.5
Stealth        | |  2.1
Spellcasting   | |  2.2
Transmutations | |  0.7

Action                   || total
-------------------------++-------
Melee: Dagger            ||    13
       Unarmed           ||     5
 Cast: Sandblast         ||     8
 Stab: Sleeping          ||     1
Armor: Robe              ||     5
Dodge: Dodged            ||    16
